 Dungeon Crawl Stone Soup version 0.17.1-2-g5865329 (webtiles) character file.

74 ololoev the Chopper (level 4, -9/52 HPs)
             Began as a Demonspawn Berserker on Jan 20, 2016.
             Was a Believer of Trog.
             Mangled by a gnoll
             ... wielding a +2 halberd of venom
              (10 damage)
             ... on level 3 of the Dungeon.
             The game lasted 00:04:04 (585 turns).

ololoev the Chopper (Demonspawn Berserker)           Turns: 585, Time: 00:04:05

Health: -9/52      AC:  7    Str: 24    XL:     4   Next: 10%
Magic:  4/4        EV: 10    Int:  8    God:    Trog [**....]
Gold:   98         SH:  0    Dex: 12    Spells: 0 memorised, 3 levels left

rFire  . . .     SeeInvis .     a - +0 hand axe
rCold  . . .     Clarity  .     j - +0 scale mail {MR+}
rNeg   . . .     SustAt   .     (no shield)
rPois  .         Gourm    .     (no helmet)
rElec  .         Spirit   .     (no cloak)
rCorr  .         Warding  .     (no gloves)
rMut   .         Stasis   .     f - +0 pair of boots
MR     +....                    (no amulet)
Stlth  ..........               (no ring)
                                (no ring)

@: berserking, very quick, somewhat resistant to hostile enchantments, extremely
unstealthy
A: talons 1, rot immunity
a: Berserk, Trog's Hand, Burn Spellbooks, Renounce Religion


Innate Abilities, Weirdness & Mutations

You have sharp toenails.
You are immune to rotting.

Inventory:

Hand Weapons
 a - a +0 hand axe (weapon)
Armour
 f - a +0 pair of boots (worn)
 j - a +0 scale mail of magic resistance (worn)
Scrolls
 b - 2 scrolls of amnesia {unknown}
 d - 2 scrolls of recharging {unknown}
 e - 4 scrolls of identify {unknown}
 q - a scroll of enchant weapon {unknown}
Potions
 g - a potion of degeneration {unknown}
 h - a potion of mutation {unknown}
 i - a potion of resistance {unknown}
 m - a potion of flight {unknown}
 n - a potion of curing {unknown}
 p - a potion of lignification {unknown}
Comestibles
 c - 2 bread rations
 k - 2 chunks of flesh
 l - a slice of pizza
 o - 2 fruits


   Skills:
 - Level 3.0 Fighting
 * Level 4.0 Axes
 + Level 2.7 Armour
 - Level 1.7 Dodging


You had 3 spell levels left.
You didn't know any spells.


You were on level 3 of the Dungeon.
You worshipped Trog.
Trog was pleased with you.
You were hungry.

You visited 1 branch of the dungeon, and saw 3 of its levels.

You collected 98 gold pieces.

.........# .......#
........ .......# #.l....
.......# ....g .......+
.g. .......###########g#
................##g#
.................#g#
................@#.#######
.....†..........ggg...>...
................g...#.####
(...................# #
....................#
....................#
.................#+##
...§...............
...§§.............#

Notes
Turn   | Place    | Note
--------------------------------------------------------------
     0 | D:1      | ololoev the Demonspawn Berserker began the quest for the Orb.
     0 | D:1      | Reached XP level 1. HP: 18/18 MP: 1/1
    97 | D:2      | Gained mutation: You have sharp toenails. [demonic ancestry]
    97 | D:2      | Reached XP level 2. HP: 24/24 MP: 2/2
   284 | D:2      | Reached XP level 3. HP: 21/29 MP: 3/3
   373 | D:3      | Reached ** piety under Trog
   489 | D:3      | Found a shadowy altar of Dithmenos.
   489 | D:3      | Noticed Natasha
   502 | D:3      | Killed Natasha
   502 | D:3      | Gained mutation: You are immune to rotting. [demonic ancestry]
   502 | D:3      | Reached XP level 4. HP: 30/35 MP: 4/4
   515 | D:3      | Found a shattered altar of Ashenzari.
   552 | D:3      | Reached skill level 4 in Axes
   585 | D:3      | HP: 1/52 [gnoll/flail of holy wrath (9)]
   585 | D:3      | Mangled by a gnoll

Dungeon Overview and Level Annotations

Branches:
Dungeon (3/15)

Altars:
Ashenzari
Dithmenos


Message History

Found a scroll labeled JUOCWI OWKYRIA.
p - a bubbling red potion
q - a scroll labeled ZEOREIS PIHIDGHA
Found a stone staircase leading down.
d - 2 scrolls labeled JUOCWI OWKYRIA (gained 1)
A gnoll comes into view. It is wielding a club.
The gnoll shouts!
A gnoll comes into view.
The gnoll shouts!
A gnoll comes into view. It is wielding a flail of holy wrath.
The gnoll shouts!
A gnoll comes into view. It is wielding a halberd of venom.
The gnoll shouts!
The gnoll hits you but does no damage.
A giant newt comes into view.
Press: ? - help, v - describe, . - travel
Here: a gnoll, wielding a halberd of venom The floor.
You hit the gnoll.
The gnoll is lightly wounded.
The gnoll hits you with a club.
You closely miss the gnoll.
The gnoll is lightly wounded.
You hit the gnoll.
The gnoll is moderately wounded.
The gnoll hits you with a flail of holy wrath!
You convulse.
Use which ability? (? or * to list)
A red film seems to cover your vision as you go berserk!
You feel yourself moving faster!
You feel mighty!
You are feeling hungry.
The gnoll hits you but does no damage.
You hit the gnoll.
The gnoll is severely wounded.
You hit the gnoll.
The gnoll is moderately wounded.
The gnoll hits you with a flail of holy wrath!
You convulse!
The gnoll hits you from afar with a halberd of venom!
You die...

You could see 4 gnolls.

Vanquished Creatures
  Natasha (D:3)
  An adder (D:2)
  2 worms
  4 orcs (D:3)
  3 giant cockroaches
  4 hobgoblins
  A kobold (D:2)
  3 quokkas
  2 bats
  2 giant newts
  3 goblins
  6 rats
32 creatures vanquished.

Action                   |  1- 3 |  4- 6 || total
-------------------------+-------+-------++-------
Melee: Hand axe          |    94 |    18 ||   112
Invok: Berserk           |     4 |     1 ||     5
  Eat: Chunk             |     2 |     1 ||     3

Vault maps used:
D:1:      evilmike_arrival_hilbert_curve, minmay_vboxes
D:2:      uniq_sigmund, uniq_crazy_yiuf_cottage
D:3:      lemuel_coloured_pillars_altar, lemuel_crystal_altar, first_bread,
          kennysheep_cluttered_room, grunt_dithmenos_smoke, uniq_natasha
